 Dungeon Crawl Stone Soup version 0.28.0 (webtiles) character file.

Game seed: 18049189242932822684

10 Gabide the Insei (level 2, -4/16 HPs)
             Began as a Vine Stalker Monk on Feb 17, 2022.
             Slain by a gnoll (5 damage)
             ... on level 1 of the Dungeon.
             The game lasted 00:00:44 (339 turns).

Gabide the Insei (Vine Stalker Monk)                 Turns: 339, Time: 00:00:44

Health: -4/16      AC:  2    Str: 13    XL:     2   Next: 20%
Magic:  0/3        EV: 13    Int: 10    God:
Gold:   50         SH:  0    Dex: 16    Spells: 1/1 levels left

rFire   . . .      SeeInvis .     - Unarmed
rCold   . . .      Faith    .   (no shield)
rNeg    . . .      Spirit   +   a - +0 robe
rPois   .          Reflect  .   (no helmet)
rElec   .          Harm     .   (no cloak)
rCorr   .          Rampage  .   (no gloves)
Will    .....                   (no boots)
Stlth   ++........              (no amulet)
HPRegen 0.05/turn               (no ring)
MPRegen 0.08/turn               (no ring)

@: no status effects
A: fangs 2, magic shield, antimagic bite, no potion heal 2
a: no special abilities


You were on level 1 of the Dungeon.
You visited 1 branch of the dungeon, and saw 1 of its levels.

You collected 50 gold pieces.

Inventory:

Armour
 a - a +0 robe (worn)
Scrolls
 c - a scroll of fog {unknown}
 d - a scroll of summoning {unknown}
Potions
 b - a potion of flight {unknown}


   Skills:
 + Level 2.9 Fighting
 + Level 2.7 Dodging
 + Level 2.4 Stealth
 + Level 3.1 Unarmed Combat


You had one spell level left.
You didn't know any spells.
Your spell library contained the following spells:

 Spells                   Type           Power      Damage    Failure   Level
 Animate Skeleton         Necr           0%         N/A       36%         1
 Pain                     Necr           0%         1d4       36%         1
 Vampiric Draining        Necr           0%         2d6       75%         3


Dungeon Overview and Level Annotations

Branches:
Dungeon (1/15)

Altars:


Innate Abilities, Weirdness & Mutations

You have extremely sharp teeth.
When hurt, damage is shared between your health and your magic reserves.
Your bite disrupts and absorbs the magic of your enemies.
Potions cannot restore your health.


Message History

A gnoll comes into view. It is wielding a +0 spear.
A gnoll is nearby!
A gnoll is nearby!
The gnoll shouts!
A giant cockroach comes into view.
The gnoll closely misses you. The gnoll closely misses you.
You hit the gnoll.
The gnoll is moderately wounded.
The gnoll hits you with a +0 spear!
You closely miss the gnoll.
The gnoll is moderately wounded.
The gnoll hits you with a +0 spear.
You are too injured to fight recklessly!
You are too injured to fight recklessly!
You are too injured to fight recklessly!
You are too injured to fight recklessly!
You are too injured to fight recklessly!
You are too injured to fight recklessly!
You are too injured to fight recklessly!
You are too injured to fight recklessly!
You are too injured to fight recklessly!
You are too injured to fight recklessly!
You are too injured to fight recklessly!
You are too injured to fight recklessly!
You are too injured to fight recklessly!
You are too injured to fight recklessly!
You are too injured to fight recklessly!
You are too injured to fight recklessly!
You are too injured to fight recklessly!
You are too injured to fight recklessly!
You are too injured to fight recklessly!
You are too injured to fight recklessly!
The gnoll hits you from afar with a +0 spear.
Things that are here:
a +0 dagger; a kobold corpse The gnoll hits you from afar with a +0 spear!
* * * LOW HITPOINT WARNING * * *
The gnoll hits you from afar with a +0 spear.
You die...

#..# ##.# # ##.# #.# ## #.###
#.#### .####...## #....##
.....##..# ##.#..######
####...#.## ##.#.#.#..# ###....#
#######.#.#.#.#.#
##.†.#######.gB...#.#.#.#..#
#######.........@.####..#.#<#.#.#
.................#...>.#.#.#.#..#
#######...##.......##...#.#.#.#.#
# ##.....###.......#.#.#.#...
..######...### ####.....#.#.#.#..
........).## #..............
..######### #.............. #
#.............. #..............


You could see a gnoll and a giant cockroach.

Vanquished Creatures
  A dart slug (D:1)
  A bat (D:1)
  An endoplasm (D:1)
  A goblin (D:1)
  A hobgoblin (D:1)
  A frilled lizard (D:1)
  2 kobolds (D:1)
8 creatures vanquished.

Notes
Turn   | Place    | Note
-------+----------+-------------------------------------------
     0 | D:1      | Gabide the Vine Stalker Monk began the quest for the Orb.
     0 | D:1      | Reached XP level 1. HP: 11/11 MP: 2/2
   120 | D:1      | Found a faded altar of an unknown god.
   224 | D:1      | Reached XP level 2. HP: 16/16 MP: 3/3
   339 | D:1      | Slain by a gnoll

Illustrated notes

Levels and vault maps discovered:
D:1:      lightli_arrival_chessboard, layout_rooms,
          shapermc_ecumenical_altar_totnotflames, minmay_misc_feat_tower,
          lemuel_flame_loot_1

Action                   || total
-------------------------++-------
Melee: Unarmed           ||    17
       Bite              ||     3
 Stab: Sleeping          ||     2
Armor: Robe              ||     1
Dodge: Dodged            ||    11
